 Dungeon Crawl Stone Soup version 5.4-101-gcf516dc (webtiles) character file.

143 gishou the Infuser (level 14, -4/94 HPs) *CASUAL*
             Began as a Skeleton Skald on Mar 17, 2018.
             Was a High Priest of Okawaru.
             Slain by an orc knight
             ... wielding a +2 glaive
              (20 damage)
             ... on level 13 of the Dungeon.
             The game lasted 00:26:08 (10985 turns).

gishou the Infuser (Skeleton Skald)                Turns: 10985, Time: 00:26:08

Health: -4/94      AC: 21 (19%)Str: 15  XL:     14   Next: 9%
Magic:  3/4        EV: 18    Int: 24    God:    Okawaru [5*[130]]
Gold:   1116       SH:  0    Dex: 11    Spells: 9/24 levels left

rFire    . . .     SeeInvis .   a - +2 double sword (flame)
rCold    + . .     Faith    .   (no shield)
rNeg     + + +     Spirit   .   I - +0 troll leather armour
rPois    ∞         Reflect  .   C - +2 helmet
rElec    .                      K - +2 cloak
rCorr    .                      G - +2 pair of gloves
MR       +....                  (no boots)
Stlth    +++++.....             (no amulet)
Regen    1.3/turn               z - +5 ring of intelligence
MPRegen  0.2/turn               J - +5 ring of intelligence

@: regenerating, spectral weapon, icy armour
A: spooky, fear immunity, bone armour, cold resistance 1, negative energy
resistance 3, torment resistance, unbreathing
a: End Regeneration, End Ozocubu's Armour, Stop Singing, End Infusion, End
Spectral Weapon, Finesse, Renounce Religion


You were on level 13 of the Dungeon.
You worshipped Okawaru.
Okawaru was extremely pleased with you.
You were not hungry.

You visited 1 branch of the dungeon, and saw 13 of its levels.
You also visited: Sewer.

You collected 1116 gold pieces.

Inventory:

Hand Weapons
 a - a +2 double sword of flaming (weapon)
 F - a +3 scimitar of freezing
Missiles
 c - 7440 stones
 d - 394 poisoned darts
 e - 7 curare darts (quivered)
 f - 1774 arrows
 j - 16 frenzy darts
 o - 89 javelins
 u - 170 tomahawks
Armour
 C - a +2 helmet (worn)
 D - a +0 shield
 G - a +2 pair of gloves (worn)
 I - a +0 troll leather armour (worn)
 K - a +2 cloak (worn)
Jewellery
 p - an uncursed ring of wizardry
 z - a +5 ring of intelligence (left hand)
 J - a +5 ring of intelligence (right hand)
 M - an uncursed amulet of guardian spirit
Wands
 s - a wand of digging (7)
 B - a wand of flame (13)
Scrolls
 g - 7 scrolls of teleportation
 h - a scroll of magic mapping
 k - 5 scrolls of amnesia
 m - 2 scrolls of fog
 n - 2 scrolls of blinking
 y - a scroll of torment
Potions
 l - 7 potions of ambrosia
 q - a potion of cancellation
 r - 4 potions of augmentation
 t - 2 potions of heal wounds
 v - 2 potions of flight
 w - 2 potions of resistance
 x - a potion of magic
 E - 2 potions of haste
 L - a potion of invisibility


   Skills:
 + Level 8.2(12.2) Fighting
 + Level 9.0(13.0) Blades
 - Level 0.8(4.8) Armour
 + Level 8.4(12.4) Dodging
 + Level 10.8 Stealth
 * Level 8.3(12.3) Shields
 + Level 5.8 Spellcasting
 * Level 12.0 Charms
 - Level 2.2 Necromancy
 - Level 2.0 Ice Magic


You had 9 spell levels left.
You knew the following spells:

 Your Spells              Type           Power        Failure   Level  Hunger
a - Infusion              Chrm           25 (25)      1%          1    N/A
b - Song of Slaying       Chrm           59 (100)     1%          2    N/A
c - Regeneration          Chrm/Necr      41 (200)     1%          3    N/A
d - Ozocubu's Armour      Chrm/Ice       40 (100)     5%          4    N/A
e - Spectral Weapon       Chrm/Summ      35 (100)     22%         5    N/A

Dungeon Overview and Level Annotations

Branches:
Dungeon (13/15)

Altars:
Cheibriados
Dithmenos
Elyvilon
Gozag
Jiyva
Kikubaaqudgha
Makhleb
Nemelex Xobeh
Okawaru
Qazlal
Ru
Sif Muna
Trog
Uskayaw
Vehumet
Wu Jian
Xom
Yredelemnul
Zin
The Shining One

Shops:
D:11 (


Innate Abilities, Weirdness & Mutations

You are spooky and scary.
You do not feel fear.
You gain temporary bone armour from killing.
You are immune to poison.
Your flesh is cold resistant. (rC+)
You are immune to negative energy. (rN+++)
You are immune to unholy pain and torment.
You can survive without breathing.


Message History

The orc knight goes into a battle-frenzy!
You barely miss the orc knight. The orc knight closely misses you.
The orc knight misses you.
You hit the orc knight (2). You burn the orc knight (1).
The orc knight is lightly wounded.
The orc knight hits you from afar with a +2 glaive (12)!
You barely miss the orc knight.
The orc knight is lightly wounded.
The orc knight hits you with a +1 long sword (31)!!
* * * LOW HITPOINT WARNING * * *
The great orb of eyes pulsates ominously.
The orc knight completely misses you.
You slash the orc knight (8)! You burn the orc knight (2).
The orc knight is lightly wounded.
The orc knight no longer looks unusually strong.
The orc knight barely misses you.
You slash the orc knight (14)! You burn the orc knight (2).
The orc knight is heavily wounded.
The orc knight hits you from afar with a +2 glaive (20)!!
You die...

#.#####.#
..#[))#.#
..#)o[#.##########
..#[}}#...eGo..e.#
..##G##.########.#
...8.8..# #G#
#....(### #o#
#.....# #o#
###.### #@# #.#
#(# #+# #...#
#....# #....#
..#### ... ....
##...


You could see 2 orc knights, a great orb of eyes, a deep elf mage and a friendly
spectral double sword of flaming.

Vanquished Creatures
  A hydra (D:12)
  A two-headed ogre (D:12)
  A tengu warrior (D:13)
  A phantasmal warrior (D:13)
  2 wizards (D:11)
  Pikel (D:8)
  An ugly thing (D:11)
  2 deep elf magi
  A manticore (D:13)
  3 cyclopes
  2 centaur zombies (D:11)
  A spiny frog (D:11)
  A torpor snail (D:12)
  A rime drake (D:11)
  An efreet (D:12)
  2 trolls
  5 blink frogs (D:9)
  Grinder (D:4)
  Prince Ribbit (D:5)
  5 slime creatures (D:12)
  A shadow (D:10)
  3 wyverns
  7 yaks
  A black mamba skeleton (D:11)
  2 steam dragons (D:8)
  Eustachio (D:4)
  2 angry ghosts
  An acid dragon (D:13)
  A water moccasin (D:10)
  5 orc warriors
  3 black bears
  4 ice beasts
  A slave (D:8)
  3 wasps
  A spiny frog skeleton (D:8)
  A phantom (D:7)
  A blink frog zombie (D:10)
  6 boggarts (D:11)
  5 ogres
  4 centaurs
  A rime drake skeleton (D:10)
  3 bullfrogs
  2 wyvern zombies
  A water moccasin zombie (D:7)
  A scorpion (D:8)
  2 wyvern skeletons
  7 crimson imps
  22 killer bees
  4 wights (D:7)
  A howler monkey (D:7)
  2 bullfrog zombies
  3 quasits
  3 jellies
  7 orc priests
  A hound (D:4)
  A bullfrog skeleton (D:5)
  4 centaur skeletons
  2 gnoll shamans (D:5)
  4 orc wizards
  8 worker ants
  7 iguanas
  2 hound skeletons
  12 adders
  8 gnolls (D:5)
  A worker ant zombie (D:5)
  2 shadow imps
  3 oozes
  An adder zombie (D:5)
  5 dart slugs
  21 orcs
  5 quokkas
  6 giant cockroaches
  7 goblins
  14 hobgoblins
  4 jackals
  10 kobolds
  3 ball pythons
  10 bats
  13 frilled lizards
  20 rats
320 creatures vanquished.

Vanquished Creatures (others)
  9 spectral weapons
9 creatures vanquished.

Grand Total: 329 creatures vanquished

Notes
Turn   | Place    | Note
-------+----------+-------------------------------------------
     0 | D:1      | gishou the Skeleton Skald began the quest for the Orb.
     0 | D:1      | Reached XP level 1. HP: 14/14 MP: 3/3
    35 | D:1      | Reached XP level 2. HP: 19/19 MP: 0/4
    39 | D:1      | Learned a level 2 spell: Song of Slaying
   204 | D:1      | Reached XP level 3. HP: 22/24 MP: 0/3
   216 | D:1      | Reached skill level 1 in Stealth
   221 | D:1      | Learned a level 3 spell: Regeneration
   272 | D:1      | Reached skill level 3 in Charms
   325 | D:1      | Reached skill level 1 in Ice Magic
   670 | D:1      | Reached XP level 4. HP: 28/29 MP: 1/4
   773 | D:2      | Found a basalt altar of Yredelemnul.
   791 | D:2      | Found a faded altar of an unknown god.
   795 | D:2      | Reached skill level 1 in Necromancy
   881 | D:2      | Found a glowing silver altar of Zin.
   886 | D:2      | Found a burning altar of Makhleb.
  1037 | D:2      | Found an opulent altar of Gozag.
  1095 | D:2      | Reached skill level 1 in Dodging
  1097 | D:2      | Reached XP level 5. HP: 31/34 MP: 2/5
  1296 | D:3      | Reached XP level 6. HP: 35/39 MP: 3/7
  1302 | D:3      | Learned a level 4 spell: Ozocubu's Armour
  1500 | D:3      | Found a sparkling altar of Nemelex Xobeh.
  1619 | D:3      | Found an ancient bone altar of Kikubaaqudgha.
  1746 | D:3      | Found a shimmering altar of Xom.
  1990 | D:4      | Reached skill level 4 in Charms
  2074 | D:4      | Found an iron altar of Okawaru.
  2081 | D:4      | Became a worshipper of Warmaster Okawaru
  2092 | D:4      | Reached XP level 7. HP: 45/45 MP: 0/3
  2193 | D:4      | Found a deep blue altar of Sif Muna.
  2263 | D:4      | Noticed Grinder
  2264 | D:4      | Found a shadowy altar of Dithmenos.
  2266 | D:4      | Noticed Eustachio
  2305 | D:4      | Killed Grinder
  2305 | D:4      | Reached XP level 8. HP: 31/51 MP: 1/5
  2333 | D:4      | Killed Eustachio
  2333 | D:4      | Reached skill level 5 in Charms
  2438 | D:4      | Noticed a moth of wrath
  2441 | D:4      | Found a bloodstained altar of Trog.
  2612 | D:5      | Entered Level 5 of the Dungeon
  2712 | D:5      | Found a glowing drain.
  2719 | Sewer    | Entered a sewer
  2740 | Sewer    | Reached * piety under Okawaru
  3112 | D:5      | Reached XP level 9. HP: 42/58 MP: 2/8
  3262 | D:5      | Reached skill level 6 in Charms
  3293 | D:5      | Reached skill level 5 in Stealth
  3718 | D:5      | Found a viscous altar of Jiyva.
  3731 | D:5      | Reached skill level 5 in Blades
  3752 | D:5      | Found an ornate altar of the Wu Jian Council.
  3755 | D:5      | Reached skill level 7 in Charms
  3758 | D:5      | Found a hide-covered altar of Uskayaw.
  3758 | D:5      | Found a snail-covered altar of Cheibriados.
  3787 | D:5      | Noticed Prince Ribbit
  3811 | D:5      | Reached ** piety under Okawaru
  3811 | D:5      | Reached XP level 10. HP: 56/65 MP: 1/1
  3837 | D:5      | Killed Prince Ribbit
  3837 | D:5      | Reached skill level 5 in Fighting
  3986 | D:5      | Found a bloodstained altar of Trog.
  4149 | D:6      | Found a white marble altar of Elyvilon.
  4154 | D:6      | Found a bloodstained altar of Trog.
  4211 | D:6      | Found a radiant altar of Vehumet.
  4310 | D:6      | Reached skill level 5 in Dodging
  4337 | D:6      | Found a sacrificial altar of Ru.
  4680 | D:6      | Found a glowing golden altar of the Shining One.
  4689 | D:6      | Reached skill level 8 in Charms
  4863 | D:7      | Found a stormy altar of Qazlal.
  5413 | D:7      | Reached skill level 1 in Shields
  5743 | D:8      | Reached XP level 11. HP: 19/72 MP: 0/4
  5855 | D:8      | Reached skill level 9 in Charms
  5861 | D:8      | Reached *** piety under Okawaru
  6331 | D:8      | Noticed Pikel
  6344 | D:8      | Killed Pikel
  6740 | D:8      | Learned a level 5 spell: Spectral Weapon
  7310 | D:9      | Reached skill level 10 in Charms
  7314 | D:9      | Reached XP level 12. HP: 78/80 MP: 4/8
  7842 | D:10     | Entered Level 10 of the Dungeon
  7904 | D:10     | Reached **** piety under Okawaru
  7904 | D:10     | Reached skill level 5 in Shields
  9222 | D:11     | Found Jussono's Weapon Emporium.
  9428 | D:11     | Reached skill level 11 in Charms
  9647 | D:11     | Reached XP level 13. HP: 58/86 MP: 1/1
  9653 | D:11     | Reached skill level 10 in Stealth
  9811 | D:11     | Reached skill level 5 in Spellcasting
 10256 | D:12     | Reached ***** piety under Okawaru
 10419 | D:12     | Received a gift from Okawaru
 10939 | D:13     | Found a runed door.
 10942 | D:13     | Noticed a great orb of eyes
 10951 | D:13     | Reached XP level 14. HP: 69/94 MP: 0/4
 10968 | D:13     | Reached skill level 12 in Charms
 10985 | D:13     | Slain by an orc knight

Skill      XL: |  1  2  3  4  5  6  7  8  9 10 11 12 13 14 |
---------------+-------------------------------------------+-----
Stealth        | 1 2 3 4 6 7 8 9 10 | 10.8
Charms         | 3 4 5 7 8 10 11 12 | 12.0
Ice Magic      | 1 2 |  2.0
Necromancy     | 1 2 |  2.2
Dodging        | 1 2 3 4 5 6 7 8 |  8.4
Fighting       | 2 3 4 5 6 7 8 |  8.2
Blades         | 3 4 5 6 7 8 9 |  9.0
Spellcasting   | 3 4 5 |  5.8
Shields        | 2 4 6 8 |  8.3
Armour         | |  0.8

Action                   |  1- 3 |  4- 6 |  7- 9 | 10-12 | 13-15 || total
-------------------------+-------+-------+-------+-------+-------++-------
Melee: Rapier            |    51 |       |       |       |       ||    51
       Dagger            |    11 |   115 |   357 |   211 |       ||   694
       Scimitar          |       |       |       |   326 |    47 ||   373
       Punch             |       |       |       |     3 |     1 ||     4
       Double sword      |       |       |       |       |    76 ||    76
Throw: Curare dart       |       |       |     3 |     7 |     6 ||    16
       Javelin           |       |       |       |     3 |       ||     3
 Cast: Infusion          |     1 |       |       |     1 |     1 ||     3
       Song of Slaying   |     1 |       |       |     1 |       ||     2
       Regeneration      |       |     1 |     1 |     1 |       ||     3
       Ozocubu's Armour  |       |       |     1 |     1 |       ||     2
       Spectral Weapon   |       |       |       |     2 |       ||     2
 Abil: End Regeneration  |       |       |     1 |       |       ||     1
       End Infusion      |       |       |     1 |       |       ||     1
Evoke: Wand              |       |       |       |       |     1 ||     1
  Use: Potion            |       |       |     1 |     2 |     1 ||     4
       Scroll            |       |       |     1 |     6 |     3 ||    10
 Stab: Sleeping          |     1 |     7 |     6 |    15 |     8 ||    37
       Paralysed         |       |     2 |       |       |       ||     2
Armor: Leather armour    |    29 |    15 |   105 |   176 |       ||   325
       Troll leather arm |       |       |       |     6 |    73 ||    79
Dodge: Dodged            |    55 |    26 |   203 |   415 |   111 ||   810
Block: Other             |       |    10 |    27 |    42 |     8 ||    87
